 Dungeon Crawl Stone Soup version 0.30-a0-439-g9e77e4d916 (webtiles) character file.

Game seed: 1190801997418335651

9853 PyroL the Purveyor of Pain (level 11, -4/67 HPs)
             Began as a Deep Elf Necromancer on Dec 10, 2022.
             Was an Initiate of Kikubaaqudgha.
             Slain by a slime creature (13 damage)
             ... on level 10 of the Dungeon.
             The game lasted 00:33:38 (13774 turns).

PyroL the Purveyor of Pain (Deep Elf Necromancer)  Turns: 13774, Time: 00:33:39

Health: -4/67      AC: 17    Str:  7    XL:     11   Next: 28%
Magic:  4/38       EV: 13    Int: 29    God:    Kikubaaqudgha [......]
Gold:   933        SH:  0    Dex: 11    Spells: 27/35 levels left

rFire   . . .      SeeInvis .    p - +3 flail (protect)
rCold   . . .      Faith    .    (no shield)
rNeg    + + .      Spirit   .    A - +2 leather armour "Vitrolekh" {Will++ Str-3 Int+4}
rPois   +          Reflect  .    c - +2 hat
rElec   .          Harm     .    g - +0 cloak
rCorr   .          Rampage  .    H - +0 pair of gloves of the Black Skies {rN+ Str+3 Int+2 Dex-4}
Will    +++..      Rage     3%   s - +0 pair of boots
Stlth   ++........               (no amulet)
HPRegen 0.31/turn                d - ring of positive energy
MPRegen 0.26/turn                v - ring of magical power

@: under a protective aura
A: berserk 1, poison resistance, no potion heal 1
a: Renounce Religion


You were on level 10 of the Dungeon.
You worshipped Kikubaaqudgha.
Kikubaaqudgha was noncommittal.
You visited 2 branches of the dungeon, and saw 12 of its levels.

You collected 933 gold pieces.

Inventory:

Hand Weapons
 p - a +3 flail of protection (weapon)
Missiles
 o - 14 boomerangs
 r - 4 throwing nets
 F - 5 curare-tipped darts
Armour
 c - a +2 hat (worn)
 g - a +0 cloak (worn)
 s - a +0 pair of boots (worn)
 A - the +2 leather armour "Vitrolekh" (worn) {Will++ Str-3 Int+4}
   (You found it on level 5 of the Dungeon)

   Str:       It affects your strength (-3).
   Int:       It affects your intelligence (+4).
   Will:      It greatly increases your willpower.
 G - +0 steam dragon scales
 H - the +0 pair of gloves of the Black Skies (worn) {rN+ Str+3 Int+2 Dex-4}
   (You found it on level 7 of the Dungeon)

   Str:       It affects your strength (+3).
   Int:       It affects your intelligence (+2).
   Dex:       It affects your dexterity (-4).
   rN:        It protects you from negative energy.
 L - the +1 pair of gloves of Somewhere Else {Slay+5}
   (You found it on level 8 of the Dungeon)

   Slay:      It affects your accuracy & damage with ranged weapons and melee
   (+5).
Jewellery
 d - a ring of positive energy (left hand)
 l - a ring of flight
 v - a ring of magical power (right hand)
 C - a +4 ring of slaying
 K - a ring of poison resistance
Wands
 w - a wand of mindburst (13)
 y - a wand of flame (46)
 E - a wand of paralysis (15)
 M - a wand of iceblast (9)
Scrolls
 h - 3 scrolls of poison
 i - 3 scrolls of magic mapping
 n - a scroll of enchant weapon {unknown}
 q - 3 scrolls of fog
 t - 4 scrolls of enchant armour
 x - 4 scrolls of immolation
 z - 3 scrolls of fear
 B - 2 scrolls of vulnerability {unknown}
 D - a scroll of blinking {unknown}
 I - 2 scrolls of teleportation
 N - a scroll of noise {unknown}
Potions
 a - 2 potions of resistance
 b - 2 potions of magic
 e - 2 potions of curing
 f - 2 potions of berserk rage
 j - 2 potions of flight
 k - 3 potions of brilliance
 m - a potion of haste
 u - a potion of ambrosia {unknown}
 J - a potion of lignification {unknown}


   Skills:
 + Level 7.3 Fighting
 * Level 7.8 Dodging
 - Level 2.6 Stealth
 - Level 12.7 Spellcasting
 + Level 13.3 Necromancy


You had 27 spell levels left.
You knew the following spells:

 Your Spells              Type           Power      Damage    Failure   Level
a - Necrotise             Necr           100%       1d9       1%          1
b - Vampiric Draining     Necr           77%        2d11      1%          3
c - Animate Dead          Necr           77%        N/A       1%          4

Your spell library contained the following spells:

 Spells                   Type           Power      Damage    Failure   Level
 Agony                    Necr           77%        N/A       1%          5
 Foxfire                  Conj/Fire      72%        2x1d7     4%          1
 Summon Small Mammal      Summ           72%        N/A       4%          1
 Call Canine Familiar     Summ           18%        N/A       13%         3
 Inner Flame              Hex/Fire       18%        N/A       13%         3
 Summon Guardian Golem    Hex/Summ       18%        N/A       13%         3
 Flame Wave               Conj/Fire      18%        2d7       38%         4
 Passage of Golubria      Tloc           18%        N/A       38%         4
 Sticky Flame             Conj/Fire      18%        2d4       38%         4
 Fireball                 Conj/Fire      9%         3d6       75%         5
 Silence                  Hex/Air        9%         N/A       75%         5
 Summon Forest            Summ/Tloc      9%         N/A       75%         5
 Summon Mana Viper        Hex/Summ       18%        N/A       75%         5
 Starburst                Conj/Fire      9%         6d5       100%        6
 Summon Cactus Giant      Summ           9%         N/A       100%        6
 Lehudib's Crystal Spear  Conj/Erth      9%         10d4      100%        8


Dungeon Overview and Level Annotations

Branches:
Dungeon (11/15)            Temple (1/1) D:7            Lair (0/5) D:9
    Orc (0/2) D:11

Altars:
Ashenzari
Cheibriados
Dithmenos
Elyvilon
Fedhas
Gozag
Hepliaklqana
Kikubaaqudgha
Makhleb
Nemelex Xobeh
Okawaru
Qazlal
Ru
Sif Muna
Trog
Uskayaw
Vehumet
Wu Jian
Xom
Yredelemnul
Zin
The Shining One

Shops:
D:2 (   D:8 =


Innate Abilities, Weirdness & Mutations

You sometimes lose your temper in combat.
Your system is resistant to poisons. (rPois)
Potions are less effective at restoring your health.


Message History

The slime creature hits you but does no damage.
Unknown command.
The slime creature barely misses you. A mysterious force pulls you upwards.
The hatch slams shut behind you.
Press: ? - help, v - describe, . - travel
Here: a slime creature The floor.
Your system partially rejects the healing.
You feel better. The slime creature hits you.
* * * LOW HITPOINT WARNING * * *
Casting: Vampiric Draining (safe; 1% risk of failure)
Confirm with . or Enter, or press ? or * to list all spells.
You don't have enough magic to cast this spell.
Unknown command.
You completely miss the slime creature.
The slime creature hits you but does no damage.
Unknown command.
You sock the slime creature!
Your weapon exudes an aura of protection.
The slime creature is lightly wounded.
The slime creature completely misses you.
The slime creature closely misses you.
Unknown command.
You hit the slime creature.
The slime creature is lightly wounded.
The slime creature hits you.
* * * LOW HITPOINT WARNING * * *
Unknown command.
You sock the slime creature!
The slime creature is moderately wounded.
The slime creature closely misses you.
Unknown command.
You sock the slime creature!
The slime creature is heavily wounded.
The slime creature barely misses you. x2
You hit the slime creature.
The slime creature is heavily wounded.
The slime creature hits you!
You die...
Kikubaaqudgha rasps: "You have failed me!
Welcome... death!"

###########
#.........#
#.######..# ### #.#
#..# ##.## #.#
####..###...## #.#
#......).....## #.#
#.##..###.....#
#.###.##..# #....##
#.@.......# #.#....
#J........# #...###
###.####### ###.#
#.# ##'## ####.####
##...## #.......#
##.....# #.##.#..#
##.......
#.##....####........
#.##.......'........


You could see a slime creature.

Vanquished Creatures
  2 death yaks (D:9)
  A manticore (D:11)
  Maurice (D:8)
  An unseen horror (D:11)
  A rime drake (shapeshifter) (D:10)
  2 trolls
  A hornet (D:8)
  Grinder (D:6)
  3 slime creatures (D:11)
  7 yaks
  3 wyverns
  Menkaure (D:6)
  3 steam dragons
  Duvessa (D:6)
  2 water moccasins
  An orc warrior (D:9)
  2 black bears
  An ice beast (D:6)
  3 sky beasts
  2 centaurs
  2 kobold brigands
  2 necrophages
  A bullfrog (D:6)
  2 scorpions
  3 gnoll sergeants
  3 wights
  Dowan (D:6)
  5 killer bees (D:8)
  An electric eel (D:9)
  Crazy Yiuf (D:3)
  A jelly (D:5)
  2 gnoll boudas
  An orc priest (D:3)
  Terence (D:3)
  4 iguanas
  7 orc wizards
  A hell rat (D:9)
  25 gnolls
  5 adders
  A river rat (D:9)
  2 white imps (D:6)
  2 ufetubi
  A worm (D:5)
  6 dart slugs
  33 orcs
  2 ball pythons
  5 bats
  9 endoplasms
  4 giant cockroaches
  5 goblins
  8 hobgoblins
  22 kobolds
  11 quokkas
  3 frilled lizards
  10 rats
231 creatures vanquished.

Vanquished Creatures (collateral kills)
  A death yak (D:9)
  A shadow (D:9)
  3 wights
  2 hounds
  A hell rat (D:9)
  2 gnolls
  2 river rats (D:9)
  A dart slug (D:1)
  2 orcs
15 creatures vanquished.

Vanquished Creatures (others)
  A manticore zombie (D:11)
  3 yak zombies (D:9)
  4 killer bee zombies (D:8)
  An ice beast zombie (D:6)
  6 gnoll zombies
  A human zombie (D:3)
  A river rat zombie (D:9)
  An endoplasm zombie (D:3)
  5 orc zombies
  A fungus (D:3)
  5 plants
29 creatures vanquished.

Grand Total: 275 creatures vanquished

Notes
Turn   | Place    | Note
-------+----------+-------------------------------------------
     0 | D:1      | PyroL the Deep Elf Necromancer began the quest for the Orb.
     0 | D:1      | Reached XP level 1. HP: 10/10 MP: 6/6
    78 | D:1      | Reached skill level 5 in Necromancy
   123 | D:1      | Reached XP level 2. HP: 15/15 MP: 6/8
   420 | D:1      | You fall into a shaft and drop 1 floor!
   673 | D:1      | Reached XP level 3. HP: 19/19 MP: 6/10
   677 | D:1      | Learned a level 3 spell: Vampiric Draining
   864 | D:2      | Found Zoashrocw's Weapon Shoppe.
  1741 | D:3      | Reached XP level 4. HP: 24/24 MP: 5/12
  1753 | D:3      | Reached skill level 5 in Spellcasting
  1753 | D:3      | Reached skill level 6 in Necromancy
  2146 | D:3      | Noticed Terence
  2154 | D:3      | Learned a level 4 spell: Animate Dead
  2167 | D:3      | Killed Terence
  2168 | D:3      | Reached XP level 5. HP: 21/28 MP: 0/14
  2177 | D:3      | Your ally Terence died
  2643 | D:3      | Found a runed translucent door.
  2644 | D:3      | Noticed Crazy Yiuf
  2654 | D:3      | Killed Crazy Yiuf
  2904 | D:4      | Reached skill level 7 in Necromancy
  2904 | D:4      | Reached XP level 6. HP: 29/32 MP: 2/17
  3722 | D:4      | Found a radiant altar of Vehumet.
  3889 | D:4      | Reached XP level 7. HP: 36/36 MP: 16/19
  3989 | D:5      | Entered Level 5 of the Dungeon
  4252 | D:5      | Found a shimmering blue altar of Sif Muna.
  4384 | D:5      | Noticed a wyvern
  4391 | D:5      | Killed a wyvern
  4392 | D:5      | Reached skill level 8 in Necromancy
  4551 | D:5      | Reached skill level 1 in Fighting
  4585 | D:5      | Identified the +2 leather armour "Vitrolekh" {Will++ Str-3
                  | Int+4}
  5158 | D:6      | Noticed Menkaure
  5347 | D:6      | Noticed Grinder
  5489 | D:6      | Reached skill level 9 in Necromancy
  5489 | D:6      | Reached XP level 8. HP: 29/44 MP: 22/22
  5925 | D:6      | Killed Grinder
  6114 | D:6      | Killed Menkaure
  6115 | D:6      | Reached skill level 10 in Spellcasting
  6115 | D:6      | Reached skill level 10 in Necromancy
  6280 | D:6      | Found a burning altar of Makhleb.
  6287 | D:6      | Noticed a green death
  6290 | D:6      | Noticed a hellwing
  6466 | D:6      | Noticed Duvessa
  6479 | D:6      | Killed Duvessa
  6482 | D:6      | Noticed Dowan
  6487 | D:6      | Killed Dowan
  6488 | D:6      | Reached XP level 9. HP: 52/52 MP: 18/25
  7197 | D:7      | Identified the +0 pair of gloves of the Black Skies {rN+
                  | Str+3 Int+2 Dex-4}
  7398 | D:7      | Found a staircase to the Ecumenical Temple.
  7413 | Temple   | Entered the Ecumenical Temple
  7923 | D:8      | Reached skill level 11 in Necromancy
  8108 | D:8      | Reached skill level 5 in Fighting
  8264 | D:8      | Identified the +1 pair of gloves of Somewhere Else {Slay+5}
  8320 | D:8      | Found Waell's Jewellery Boutique.
  8553 | D:7      | Gained mutation: You occasionally lose the ability to read
                  | scrolls when taking damage. [potion of mutation]
  8553 | D:7      | Gained mutation: Your flesh is heat resistant. (rF+)
                  | [potion of mutation]
  8759 | D:7      | Lost mutation: Your flesh is heat resistant. (rF+) [potion
                  | of mutation]
  8759 | D:7      | Lost mutation: You occasionally lose the ability to read
                  | scrolls when taking damage. [potion of mutation]
  8759 | D:7      | Gained mutation: You sometimes lose your temper in combat.
                  | [potion of mutation]
  8759 | D:7      | Gained mutation: Potions are less effective at restoring
                  | your health. [potion of mutation]
  8759 | D:7      | Gained mutation: Your system is resistant to poisons.
                  | (rPois) [potion of mutation]
  8955 | D:8      | Noticed Maurice
  9234 | D:8      | Reached XP level 10. HP: 47/60 MP: 14/27
  9648 | D:8      | Killed Maurice
  9649 | D:8      | Reached skill level 12 in Necromancy
 10429 | D:9      | HP: 3/61 [something (28)]
 10920 | D:9      | Found a stormy altar of Qazlal.
 10920 | D:9      | Found an ancient bone altar of Kikubaaqudgha.
 10965 | D:9      | Became a worshipper of Kikubaaqudgha
 11053 | D:9      | Noticed a death yak
 11054 | D:9      | Noticed a death yak
 11056 | D:9      | Noticed a death yak
 11283 | D:9      | Found a staircase to the Lair.
 11303 | D:9      | Killed a death yak
 11304 | D:9      | Reached skill level 5 in Dodging
 11653 | D:9      | Killed a death yak
 11654 | D:9      | Killed a death yak
 11655 | D:9      | Reached skill level 13 in Necromancy
 11655 | D:9      | Reached XP level 11. HP: 67/67 MP: 22/29
 11776 | D:10     | Entered Level 10 of the Dungeon
 12351 | D:10     | Found a shimmering altar of Xom.
 12351 | D:10     | Found a broken altar of Ashenzari.
 12352 | D:10     | Found a hide-covered altar of Uskayaw.
 12364 | D:10     | Found a bloodstained altar of Trog.
 12956 | D:11     | Found a staircase to the Orcish Mines.
 13774 | D:10     | Slain by a slime creature

Illustrated notes

Levels and vault maps discovered:
D:1:      lemuel_arrival_room, layout_basic, nrook_mini_vaults, minivault_4
D:2:      layout_loops_ring, serial_shops, shop
D:3:      layout_loops_ring, uniq_crazy_yiuf_cottage, uniq_terence
D:4:      layout_loops_cross, mainiacjoe_overflow_surrounded_room
D:5:      minmay_skewed_foursquare, layout_loops_cross,
          mainiacjoe_overflow_boulevard
D:6:      layout_gridville, makhleb_altar_promises_db, uniq_grinder,
          uniq_menkaure, uniq_duvessa
D:7:      layout_loops_ring, minmay_temple_entry_waves
D:8:      layout_loops_ring, serial_shops, nicolae_shop_advertising_works
          [nicolae_subvault_shop_adworks], uniq_maurice
D:9:      layout_loops_cross, gammafunk_temple_overflow_elements,
          dpeg_lair_monsters, serial_bayou_ford_a
D:10:     layout_loops_corners, nicolae_overflow_quartered_altars
D:11:     layout_roguey, minmay_orc_entry_temple_small
Temple:   nicolae_temple_god_jail

Skill      XL: |  1  2  3  4  5  6  7  8  9 10 11 |
---------------+----------------------------------+-----
Necromancy     | 5 6 7 9 10 11 13 | 13.3
Spellcasting   | 4 5 6 7 8 10 11 12 | 12.7
Fighting       | 2 3 5 7 |  7.3
Dodging        | 6 7 |  7.8
Stealth        | |  2.6

Action                   |  1- 3 |  4- 6 |  7- 9 | 10-12 || total
-------------------------+-------+-------+-------+-------++-------
Melee: Unarmed           |     3 |       |       |       ||     3
       Flail             |       |    37 |   175 |   103 ||   315
       Punch             |       |       |     3 |     3 ||     6
 Cast: Necrotise         |    68 |    81 |   121 |    62 ||   332
       Vampiric Draining |     1 |    14 |    62 |    95 ||   172
       Animate Dead      |       |     3 |     8 |     4 ||    15
  Use: Scroll            |       |     3 |     2 |     9 ||    14
       Potion            |       |       |     3 |     1 ||     4
 Stab: Distracted        |       |       |     2 |       ||     2
Armor: Robe              |     7 |    23 |     8 |       ||    38
       Leather armour    |       |       |   136 |   108 ||   244
Dodge: Dodged            |     2 |    38 |   159 |   135 ||   334

Table legend: (Time is in decaauts)
 A = Elapsed time spent in this place.
 B = Non-inter-level travel time spent in this place.
 C = Inter-level travel time spent in this place.
 D = Time resting spent in this place.
 E = Time spent auto-exploring this place.
 F = Levels seen in this place.
 G = Mean time per level.
                   A        B        C        D        E       F      G
               +--------+--------+--------+--------+--------+-----+--------+
         Total |  13953 |  13569 |    384 |   2075 |   9028 |  12 | 1162.8 |
       Dungeon |  13858 |  13474 |    384 |   2075 |   8960 |  11 | 1259.8 |
        Temple |     95 |     95 |      0 |      0 |     68 |   1 |   95.0 |
               +--------+--------+--------+--------+--------+-----+--------+

Top non-repeatable levels by time:
     D:9: 1809 daAuts
     D:8: 1646 daAuts
     D:7: 1595 daAuts
     D:6: 1505 daAuts
    D:10: 1303 daAuts
     D:5: 1282 daAuts
     D:3: 1262 daAuts
     D:4: 1197 daAuts
     D:1: 807 daAuts
     D:2: 735 daAuts
    D:11: 714 daAuts
  Temple: 95 daAuts
